 Dungeon Crawl Stone Soup version 0.27-a0-650-g8dd3ea4f36 (webtiles) character file.

Game seed: 6272963332730381687

427 snetch the Gusty (level 6, -11/44 HPs)
             Began as a Gnoll Wanderer on Mar 15, 2021.
             Was a Believer of Makhleb.
             Mangled by an ogre
             ... wielding a +0 giant spiked club
              (20 damage)
             ... on level 4 of the Dungeon.
             The game lasted 00:16:14 (4931 turns).

snetch the Gusty (Gnoll Wanderer)                   Turns: 4931, Time: 00:16:17

Health: -11/44     AC:  4    Str: 11    XL:     6   Next: 97%
Magic:  9/14       EV: 11    Int: 14    God:    Makhleb [**....]
Gold:   158        SH:  0    Dex: 11    Spells: 10/15 levels left

rFire    . . .     SeeInvis .   b - +4 quarterstaff (chaos)
rCold    . . .     Faith    .   (shield currently unavailable)
rNeg     . . .     Spirit   .   q - +0 leather armour
rPois    .         Reflect  .   (no helmet)
rElec    .         Harm     .   z - +0 cloak
rCorr    .         Rampage  .   (no gloves)
Will     .....                  (no boots)
Stlth    ++........             w - amulet of the acrobat
HPRegen  0.14/turn              (no ring)
MPRegen  0.14/turn              (no ring)

@: very slightly contaminated
A: fangs 1, strong nose, distributed training
a: Renounce Religion, Minor Destruction


You were on level 4 of the Dungeon.
You worshipped Makhleb.
Makhleb was pleased with you.
You visited 1 branch of the dungeon, and saw 4 of its levels.

You collected 158 gold pieces.

Inventory:

Hand Weapons
 a - a +2 dagger
 b - a +4 quarterstaff of chaos (weapon)
Missiles
 d - 31 poisoned darts
 j - 116 stones
 p - 18 arrows
 u - 39 bolts
 x - 3 boomerangs
Armour
 e - a +0 robe
 q - a +0 leather armour (worn)
 z - a +0 cloak (worn)
 A - a +0 ring mail
Jewellery
 f - a ring of ice
 w - an amulet of the acrobat (around neck)
 B - a +4 ring of evasion
Wands
 o - a wand of polymorph (5)
 s - a wand of flame (4)
Scrolls
 c - a scroll of magic mapping {unknown}
 h - a scroll of enchant armour {unknown}
 m - 2 scrolls of identify {unknown}
 n - 3 scrolls of immolation {unknown}
Potions
 g - a potion of flight {unknown}
 i - 2 potions of resistance {unknown}
 k - 2 potions of haste {unknown}
 l - 2 potions of attraction {unknown}
 r - 2 potions of might {unknown}
 t - a potion of mutation {unknown}
 v - a potion of lignification {unknown}
 y - a potion of heal wounds


   Skills:
 + Level 2.2 Fighting
 + Level 2.2 Short Blades
 + Level 2.2 Long Blades
 + Level 2.2 Axes
 + Level 2.2 Maces & Flails
 + Level 2.2 Polearms
 + Level 2.2 Staves
 + Level 2.2 Slings
 + Level 2.2 Bows
 + Level 2.2 Crossbows
 + Level 2.2 Throwing
 + Level 2.2 Armour
 + Level 2.2 Dodging
 + Level 4.7 Stealth
 + Level 2.2 Shields
 + Level 2.2 Unarmed Combat
 + Level 5.4 Spellcasting
 + Level 1.7 Conjurations
 + Level 5.7 Hexes
 + Level 1.7 Summonings
 + Level 1.7 Necromancy
 + Level 1.7 Translocations
 + Level 1.7 Transmutations
 + Level 1.7 Fire Magic
 + Level 1.7 Ice Magic
 + Level 5.7 Air Magic
 + Level 1.7 Earth Magic
 + Level 1.7 Poison Magic
 + Level 2.4 Invocations
 + Level 2.2 Evocations


You had 10 spell levels left.
You knew the following spells:

 Your Spells              Type           Power      Damage    Failure   Level
a - Shock                 Conj/Air       56%        1d6       4%          1
b - Freeze                Ice            32%        1d5       11%         1
c - Static Discharge      Conj/Air       14%        N/A       14%         3

Your spell library contained the following spells:

 Spells                   Type           Power      Damage    Failure   Level
 Frozen Ramparts          Ice            16%        1d3       32%         3


Dungeon Overview and Level Annotations

Branches:
Dungeon (4/15)
 Temple: D:4-7

Altars:
Makhleb


Innate Abilities, Weirdness & Mutations

You have very sharp teeth.
Your uncanny sense of smell can sniff out nearby items.
Your experience applies equally to all skills.


Message History

Magic restored.
HP restored.
You open the door.
Found a stone staircase leading down.
There is an open door here.
An orc and an ogre come into view.
An orc and an orc wizard come into view.
Found a helmet.
There is a stone staircase leading down here.
An orc wizard comes into view. It is wielding a +0 dagger.
Found 25 stones and 9 gold pieces.
Casting: Shock (safe; 4% risk of failure)
Confirm with . or Enter, or press ? or * to list all spells.
The orc wizard is struck by an arc of lightning!
The orc wizard is heavily wounded.
The lightning grounds out.
The orc shouts!
The orc wizard casts a spell at you. You resist with some effort.
The ogre hits you with a +0 giant spiked club!!
The orc shouts!
You hit the ogre. You freeze the ogre.
The ogre is lightly wounded.
The orc wizard hits you but does no damage.
The ogre hits you with a +0 giant spiked club!
* * * LOW HITPOINT WARNING * * *
Unknown command.
The orc wizard casts a spell at itself.
The orc wizard flickers and vanishes!
Deactivating autopickup; reactivate with Ctrl-A.
There is a stone staircase leading down here.
The orc wizard gestures at itself while chanting.
The orc wizard flickers and vanishes!
Casting: Static Discharge (dangerous; 14% risk of failure)
Confirm with . or Enter, or press ? or * to list all spells.
You miscast Static Discharge.
You are very lightly contaminated with residual magic.
Nothing appears to happen.
The ogre hits you with a +0 giant spiked club!!
You die...

..########)## #.#....####
..# #.# ∆ ..(......# ..#
#)# ........# ..### ##'##
# ....... ....# ##...##
#. #...# #.#.#
##.....###.####...#
..#.###.......##......#.#
..#.##)........###..o.#
..
.....'.........'@Oo..##
...
..#.##.........###....#
### .##.###.......##
##...# ###.# ##.....##
#.#...# #.# ##...##
#.##### ..# ##+## #.# ..#
#[# .. .#


You could see an ogre and 2 orcs.

Vanquished Creatures
  An ogre (D:4)
  Crazy Yiuf (D:3)
  3 orc wizards
  Natasha (thrice) (D:2)
  6 adders
  2 oozes (D:3)
  3 dart slugs
  2 leopard geckos (D:2)
  8 orcs
  A ball python (D:3)
  5 giant cockroaches
  9 goblins
  13 hobgoblins
  4 jackals
  8 kobolds
  11 bats
  3 frilled lizards
  9 rats
92 creatures vanquished.

Notes
Turn   | Place    | Note
-------+----------+-------------------------------------------
     0 | D:1      | snetch the Gnoll Wanderer began the quest for the Orb.
     0 | D:1      | snetch set off with the following items: a +2 dagger, a
                  | potion of heal wounds, a +0 robe; and the following spells
                  | available to memorise: Shock, Freeze, Static Discharge,
                  | Frozen Ramparts
     0 | D:1      | Reached XP level 1. HP: 13/13 MP: 6/6
     2 | D:1      | Learned a level 1 spell: Shock
     4 | D:1      | Learned a level 1 spell: Freeze
   106 | D:1      | Reached XP level 2. HP: 19/19 MP: 0/7
   805 | D:1      | Reached XP level 3. HP: 25/25 MP: 6/9
   831 | D:1      | Reached skill level 5 in Spellcasting
  1256 | D:1      | Reached skill level 1 in Invocations
  1486 | D:2      | Reached skill level 1 in Fighting
  1486 | D:2      | Reached skill level 1 in Short Blades
  1486 | D:2      | Reached skill level 1 in Long Blades
  1486 | D:2      | Reached skill level 1 in Axes
  1486 | D:2      | Reached skill level 1 in Maces & Flails
  1486 | D:2      | Reached skill level 1 in Polearms
  1486 | D:2      | Reached skill level 1 in Staves
  1486 | D:2      | Reached skill level 1 in Slings
  1486 | D:2      | Reached skill level 1 in Bows
  1486 | D:2      | Reached skill level 1 in Crossbows
  1486 | D:2      | Reached skill level 1 in Throwing
  1486 | D:2      | Reached skill level 1 in Armour
  1486 | D:2      | Reached skill level 1 in Dodging
  1486 | D:2      | Reached skill level 1 in Shields
  1486 | D:2      | Reached skill level 1 in Unarmed Combat
  1486 | D:2      | Reached skill level 1 in Evocations
  1531 | D:2      | Found a faded altar of an unknown god.
  1545 | D:2      | Became a worshipper of Makhleb the Destroyer
  1545 | D:2      | Reached * piety under Makhleb
  1664 | D:2      | Learned a level 3 spell: Static Discharge
  1746 | D:2      | Reached XP level 4. HP: 32/32 MP: 8/11
  1841 | D:3      | Reached skill level 1 in Conjurations
  1841 | D:3      | Reached skill level 1 in Summonings
  1841 | D:3      | Reached skill level 1 in Necromancy
  1841 | D:3      | Reached skill level 1 in Translocations
  1841 | D:3      | Reached skill level 1 in Transmutations
  1841 | D:3      | Reached skill level 1 in Fire Magic
  1841 | D:3      | Reached skill level 1 in Ice Magic
  1841 | D:3      | Reached skill level 1 in Earth Magic
  1841 | D:3      | Reached skill level 1 in Poison Magic
  2442 | D:2      | Noticed Natasha
  2449 | D:2      | Killed Natasha
  2450 | D:2      | Reached XP level 5. HP: 20/37 MP: 5/12
  2837 | D:2      | Noticed Natasha
  2847 | D:2      | Killed Natasha
  2921 | D:2      | Noticed Natasha
  2936 | D:2      | Killed Natasha
  3293 | D:3      | Reached ** piety under Makhleb
  3517 | D:4      | Reached XP level 6. HP: 14/44 MP: 6/13
  3878 | D:3      | Found a runed translucent door.
  3879 | D:3      | Noticed Crazy Yiuf
  3889 | D:3      | Killed Crazy Yiuf
  4931 | D:4      | Mangled by an ogre

Illustrated notes

Levels and vault maps discovered:
D:1:      shiori_arrival_maze, layout_basic, chequers_garden,
          amcnicky_mini_corridor_feature, minmay_tromino_i2
D:2:      layout_loops_ring, chequers_ecumenical_altar_simple_redux,
          uniq_natasha
D:3:      layout_loops_ring, minmay_between, uniq_crazy_yiuf_cottage
D:4:      layout_loops_corners, lemuel_doored_altar

Skill      XL: |  1  2  3  4  5  6 |
---------------+-------------------+-----
Spellcasting   | 5 |  5.4
Invocations    | 1 2 |  2.4
Fighting       | 1 2 |  2.2
Short Blades   | 1 2 |  2.2
Long Blades    | 1 2 |  2.2
Axes           | 1 2 |  2.2
Maces & Flails | 1 2 |  2.2
Polearms       | 1 2 |  2.2
Staves         | 1 2 |  2.2
Slings         | 1 2 |  2.2
Bows           | 1 2 |  2.2
Crossbows      | 1 2 |  2.2
Throwing       | 1 2 |  2.2
Armour         | 1 2 |  2.2
Dodging        | 1 2 |  2.2
Shields        | 1 2 |  2.2
Unarmed Combat | 1 2 |  2.2
Evocations     | 1 2 |  2.2
Conjurations   | 1 |  1.7
Summonings     | 1 |  1.7
Necromancy     | 1 |  1.7
Translocations | 1 |  1.7
Transmutations | 1 |  1.7
Fire Magic     | 1 |  1.7
Ice Magic      | 1 |  1.7
Earth Magic    | 1 |  1.7
Poison Magic   | 1 |  1.7
Stealth        | |  4.7
Hexes          | |  5.7
Air Magic      | |  5.7

Action                   |  1- 3 |  4- 6 || total
-------------------------+-------+-------++-------
Melee: Dagger            |    12 |    11 ||    23
       Quarterstaff      |       |    12 ||    12
       Bite              |       |     1 ||     1
Throw: Dart              |     1 |       ||     1
 Cast: Shock             |    85 |    90 ||   175
       Freeze            |     1 |    29 ||    30
       Static Discharge  |       |     2 ||     2
 Stab: Sleeping          |     2 |     2 ||     4
Armor: Robe              |    10 |     1 ||    11
       Leather armour    |       |     4 ||     4
Dodge: Dodged            |    31 |    39 ||    70

Table legend: (Time is in decaauts)
 A = Elapsed time spent in this place.
 B = Non-inter-level travel time spent in this place.
 C = Inter-level travel time spent in this place.
 D = Time resting spent in this place.
 E = Time spent auto-exploring this place.
 F = Levels seen in this place.
 G = Mean time per level.
                   A        B        C        D        E       F      G
               +--------+--------+--------+--------+--------+-----+--------+
         Total |   4939 |   4758 |    181 |    349 |   3647 |   4 | 1234.8 |
       Dungeon |   4939 |   4758 |    181 |    349 |   3647 |   4 | 1234.8 |
               +--------+--------+--------+--------+--------+-----+--------+

Top non-repeatable levels by time:
     D:3: 1687 daAuts
     D:1: 1595 daAuts
     D:2: 1419 daAuts
     D:4: 238 daAuts
